 Dungeon Crawl Stone Soup version 0.20.0-15-g7f486f2 (webtiles) character file.

48642 dvd the Reanimator (level 14, -2/121 HPs)
             Began as a Deep Dwarf Necromancer on June 13, 2017.
             Was the Champion of Makhleb.
             Hit by a large rock thrown by a cyclops (40 damage)
             ... on level 1 of the Orcish Mines on June 14, 2017.
             The game lasted 01:46:09 (21199 turns).

dvd the Reanimator (Deep Dwarf Necromancer)        Turns: 21199, Time: 01:46:10

Health: -2/121     AC: 23    Str: 20    XL:     14   Next: 13%
Magic:  22/28      EV: 15    Int: 20    God:    Makhleb [******]
Gold:   1672       SH:  0    Dex: 17    Spells: 23/35 levels left

rFire    + . .     SeeInvis .   b - +4 battleaxe (freeze)
rCold    + . .     Gourm    .   (shield currently unavailable)
rNeg     + . .     Faith    .   Y - +5 ring mail {rPois}
rPois    +         Spirit   .   J - +2 helmet
rElec    .         Reflect  .   s - scarf {rC+ rF+}
rCorr    .         Harm     +   t - +2 pair of gloves {Dex+3}
MR       ++...                  y - +0 pair of boots of the Big Bang {Str+3}
Stlth    ++........             E - amulet of harm
Regen    0.0/turn               i - +5 ring of strength
MPRegen  0.3/turn               C - +4 ring of protection

@: non-regenerating
A: damage resistance, heal wounds, mutation resistance 1, negative energy
resistance 1, sense surroundings 2, no regeneration
a: Heal Wounds, Minor Destruction, Lesser Servant of Makhleb, Major Destruction,
Greater Servant of Makhleb, Renounce Religion


You were on level 1 of the Orcish Mines.
You worshipped Makhleb.
Makhleb was exalted by your worship.
You were not hungry.

You visited 4 branches of the dungeon, and saw 19 of its levels.
You also visited: Labyrinth and Bailey.

You collected 1672 gold pieces.

Inventory:

Hand Weapons
 a - a +4 war axe of chopping
 b - a +4 battleaxe of freezing (weapon)
 c - a +4 demon trident of freezing
 p - a +3 war axe of protection
Missiles
 D - 7 javelins of returning (quivered)
 G - 17 tomahawks
 U - 4 javelins
Armour
 s - a scarf of resistance (worn)
 t - a +2 pair of gloves of dexterity (worn)
 v - the +2 ring mail "Tucycle" {rC- Dex+3 Slay+3}
   (You found it in a labyrinth)

   It affects your dexterity (+3).
   It affects your accuracy and damage with ranged weapons and melee attacks
   (+3).
   It makes you vulnerable to cold.
 x - a +2 pair of boots
 y - the +0 pair of boots of the Big Bang (worn) {Str+3}
   (You found it in a bailey)

   It affects your strength (+3).
 J - a +2 helmet (worn)
 Y - a +5 ring mail of poison resistance (worn)
Magical Staves
 O - an uncursed staff of death
 T - an uncursed staff of earth
Jewellery
 g - an uncursed ring of magical power
 i - a +5 ring of strength (left hand)
 C - a +4 ring of protection (right hand)
 E - an amulet of harm (around neck)
Wands
 n - a wand of lightning (6/15)
 u - a wand of flame (30/48)
 z - a wand of lightning (9/15)
 F - a wand of iceblast (4/15)
 N - a wand of lightning (5/15)
 Z - a wand of digging (12/24)
Scrolls
 d - 2 scrolls of amnesia
 l - 11 scrolls of identify
 q - a scroll of teleportation
 r - 3 scrolls of magic mapping
 A - 2 scrolls of remove curse
 R - 4 scrolls of recharging
 S - a scroll of fog
Potions
 e - a potion of might
 o - 4 potions of mutation
 H - 2 potions of heal wounds
 K - a potion of haste
 P - 2 potions of brilliance
 Q - 4 potions of curing
 V - 2 potions of agility
Books
 h - a book of Geomancy

   Spells                             Type                      Level
   a - Sandblast                      Earth                        1
   b - Passwall                       Transmutation/Earth          2
   c - Stone Arrow                    Conjuration/Earth            3
   d - Petrify                        Transmutation/Earth          4
   e - Lee's Rapid Deconstruction     Earth                        5
 j - a book of the Earth

   Spells                             Type                      Level
   a - Leda's Liquefaction            Hexes/Earth                  4
   b - Bolt of Magma                  Conjuration/Fire/Earth       5
   c - Statue Form                    Transmutation/Earth          6
   d - Iron Shot                      Conjuration/Earth            6
   e - Shatter                        Earth                        9
 I - a book of Air

   Spells                             Type                      Level
   a - Shock                          Conjuration/Air              1
   b - Swiftness                      Charms/Air                   2
   c - Static Discharge               Conjuration/Air              3
   d - Airstrike                      Air                          4
   e - Lightning Bolt                 Conjuration/Air              5
 L - a book of Necromancy

   Spells                             Type                      Level
   a - Pain                           Necromancy                   1
   b - Animate Skeleton               Necromancy                   1
   c - Vampiric Draining              Necromancy                   3
   d - Regeneration                   Charms/Necromancy            3
   e - Animate Dead                   Necromancy                   4
   f - Control Undead                 Necromancy                   4
Comestibles
 f - 16 fruits
 k - 2 chunks of flesh
 m - 2 meat rations
 w - 8 royal jellies
 M - 8 bread rations


   Skills:
 + Level 6.5 Fighting
 + Level 11.5(11.6) Axes
   Level 0.2(6.7) Maces & Flails
 + Level 0.6(6.2) Polearms
 + Level 1.9 Throwing
 + Level 7.9 Armour
 + Level 6.9 Dodging
 + Level 4.6 Stealth
 + Level 0.1 Unarmed Combat
 + Level 11.4 Spellcasting
 + Level 14.1 Necromancy
 + Level 4.9 Invocations


You had 23 spell levels left.
You knew the following spells:

 Your Spells              Type           Power        Failure   Level  Hunger
a - Pain                  Necr           ####         1%          1    None
b - Vampiric Draining     Necr           ######....   1%          3    None
c - Animate Dead          Necr           N/A          1%          4    ##.....
d - Control Undead        Necr           ######....   1%          4    ##.....


Dungeon Overview and Level Annotations

Branches:
Dungeon (11/15)            Temple (1/1) D:5            Lair (6/6) D:11
 Shoals (0/4) Lair:3        Snake (0/4) Lair:2        Slime (0/5) Lair:5
    Orc (1/2) D:11

Altars:
Ashenzari
Cheibriados
Dithmenos
Elyvilon
Fedhas
Gozag
Hepliaklqana
Kikubaaqudgha
Makhleb
Nemelex Xobeh
Okawaru
Qazlal
Ru
Sif Muna
Trog
Uskayaw
Vehumet
Xom
Yredelemnul
Zin
The Shining One

Shops:
D:5 (

Annotations:
D:4 CODWOMAN's ghost, novice DsIE


Innate Abilities, Weirdness & Mutations

You are resistant to damage.
You can heal yourself by infusing magical energy.
You resist negative energy. (rN+)
You passively map the area around you.
You do not regenerate.
You are somewhat resistant to further mutation.


Message History

You swap places.
You see here 2 large rocks.
Casting: Vampiric Draining
Confirm with . or Enter, or press ? or * to list all spells.
Aiming: Vampiric Draining
Press: ? - help, Shift-Dir - straight line, f - cyclops
Aim: a cyclops The cyclops is moderately wounded.
You feel life coursing into your body.
The cyclops throws a large rock.
The large rock hits you.
* * * LOW HITPOINT WARNING * * *
Casting: Vampiric Draining
Confirm with . or Enter, or press ? or * to list all spells.
Aiming: Vampiric Draining
Press: ? - help, Shift-Dir - straight line, f/p - cyclops
Aim: a cyclops (moderately wounded)
The cyclops is severely wounded.
You feel life coursing into your body. The cyclops completely misses you.
The cyclops throws a large rock.
The large rock hits you!!!
You die...

* ######### * ########## .......,
, .........( , +, .....
.......... , ,, * ..., *,
........(. , * #C# ........(. ,
,,,, ,,,, #.##############)## , ,
,,#C@ZZ.......'...... , , *
#############...(..
###################...... ,
###..........≈≈≈≈≈≈≈#......
###............≈≈≈≈≈≈≈#......
#####................≈≈≈≈≈###+++#
..#....................≈≈≈.≈≈≈≈≈≈
...P......................≈≈≈≈≈≈≈
.................................


You could see 2 cyclopes, a friendly wolf zombie and a friendly ogre zombie.

Vanquished Creatures
  Gastronok (Lair:1)
  Josephine (Lair:6)
  A minotaur (Lab)
  2 hydras
  An ice dragon (Lair:6)
  5 two-headed ogres
  A death yak (Lair:4)
  A queen ant (D:10)
  Erica (D:8)
  2 unseen horrors
  Pikel (D:5)
  2 ugly things (D:11)
  5 cyclopes (Orc:1)
  A deep elf mage (D:11)
  4 slime creatures
  A centaur zombie (D:10)
  Joseph (D:8)
  8 elephants
  2 black mambas
  A gargoyle (D:10)
  10 spiny frogs
  3 komodo dragons
  A torpor snail (Lair:6)
  2 trolls
  2 hornets (Lair:6)
  Grinder (D:6)
  4 hippogriffs
  9 blink frogs
  A shadow (Lab)
  22 yaks
  5 wraiths (Lair:6)
  3 wyverns
  Grum (D:8)
  6 basilisks
  A hungry ghost (D:8)
  3 wargs (Orc:1)
  9 water moccasins
  4 soldier ants (D:10)
  9 orc warriors
  5 porcupines
  5 ice beasts
  A swamp drake (D:11)
  3 sky beasts
  A black bear (Lair:5)
  A necrophage (D:7)
  12 ogres
  5 centaurs
  7 wolves
  A boggart (Lair:6)
  A big kobold (D:10)
  11 crocodiles
  10 bullfrogs
  6 gnoll sergeants (Bailey)
  2 scorpions
  8 killer bees
  4 wights (D:7)
  2 howler monkeys
  4 electric eels
  5 crimson imps
  A bullfrog zombie (D:6)
  An orc priest (D:8)
  4 jellies
  2 human zombies (D:7)
  A bullfrog skeleton (D:11)
  5 gnoll shamans (Bailey)
  6 hounds
  10 orc wizards
  2 centaur skeletons
  An iguana (D:10)
  26 worker ants
  A killer bee zombie (D:8)
  2 hound skeletons
  A mummy (D:7)
  2 worker ant zombies (D:6)
  20 gnolls
  10 adders
  3 shadow imps
  2 white imps (Lair:6)
  3 worms
  A dart slug (D:5)
  6 leopard geckos
  51 orcs
  7 bats
  A giant cockroach (D:4)
  11 goblins
  5 hobgoblins
  17 jackals
  4 quokkas
  A ball python (D:2)
  5 frilled lizards
  21 kobolds
  A leopard gecko skeleton (D:4)
  A quokka skeleton (D:4)
  6 rats
  A bush (D:6)
  7 plants
481 creatures vanquished.

Vanquished Creatures (collateral kills)
  Urug (Lair:4)
  An ugly thing (D:11)
  A slime creature (D:11)
  3 cyclopes (Orc:1)
  A black mamba (Lair:5)
  An elephant (Lair:4)
  A guardian serpent (Lair:2)
  2 spiny frogs
  A torpor snail (Lair:5)
  2 komodo dragons
  A hornet (Lair:6)
  A blink frog (Lair:6)
  A shadow (Lab)
  3 yaks (D:10)
  A spriggan (D:10)
  A human (D:10)
  3 basilisks
  A hungry ghost (D:10)
  A warg (Orc:1)
  2 water moccasins
  2 soldier ants
  A porcupine (Lair:1)
  A sky beast (D:8)
  A necrophage (D:7)
  An ogre (Orc:1)
  3 wolves
  A big kobold (D:7)
  2 crocodiles
  4 bullfrogs
  2 gnoll sergeants (Bailey)
  A scorpion (D:7)
  4 wights (D:7)
  A killer bee (D:9)
  A jelly (D:5)
  3 howler monkeys
  2 crimson imps
  3 human zombies (D:7)
  A quasit (D:11)
  A centaur skeleton (D:4)
  A gnoll shaman (Bailey)
  3 worker ants
  2 gnolls (Bailey)
  A white imp (Lair:6)
  5 orcs
  A kobold (D:7)
  An orc skeleton (D:7)
78 creatures vanquished.

Vanquished Creatures (others)
  A wyvern (D:11)
  A sky beast (D:11)
  An ogre (Orc:1)
  A worker ant (D:10)
  2 fungi
  2 plants
8 creatures vanquished.

Grand Total: 567 creatures vanquished

Notes
Turn   | Place    | Note
-------+----------+-------------------------------------------
     0 | D:1      | dvd the Deep Dwarf Necromancer began the quest for the Orb.
     0 | D:1      | Reached XP level 1. HP: 15/15 MP: 3/3
   182 | D:1      | Reached XP level 2. HP: 22/22 MP: 0/4
   376 | D:1      | Reached skill level 5 in Necromancy
   590 | D:1      | Reached XP level 3. HP: 20/28 MP: 3/6
   595 | D:1      | Learned a level 3 spell: Vampiric Draining
  1023 | D:2      | Reached XP level 4. HP: 28/36 MP: 0/7
  1585 | D:2      | Reached skill level 1 in Axes
  2254 | D:2      | Learned a level 4 spell: Animate Dead
  2385 | D:2      | Reached XP level 5. HP: 33/43 MP: 6/9
  3855 | D:4      | Reached skill level 6 in Necromancy
  3886 | D:4      | Noticed an orc warrior
  3901 | D:4      | Killed an orc warrior
  3901 | D:4      | Reached skill level 1 in Fighting
  3901 | D:4      | Reached skill level 1 in Armour
  3901 | D:4      | Reached XP level 6. HP: 32/51 MP: 0/11
  4391 | D:4      | Noticed CODWOMAN's ghost (novice DsIE)
  4713 | D:4      | Reached XP level 7. HP: 53/57 MP: 6/13
  4905 | D:5      | Entered Level 5 of the Dungeon
  5061 | D:5      | Found an opulent altar of Gozag.
  5143 | D:5      | Found a staircase to the Ecumenical Temple.
  5153 | Temple   | Entered the Ecumenical Temple
  5347 | D:5      | Reached skill level 7 in Necromancy
  5355 | D:5      | Gained mutation: Armour fits poorly on your strangely shaped body. [mutagenic meat]
  5362 | D:5      | Lost mutation: Armour fits poorly on your strangely shaped body. [potion of mutation]
  5362 | D:5      | Gained mutation: You are somewhat resistant to further mutation. [potion of mutation]
  5706 | D:5      | Found Doc Mimi's Weapon Shoppe.
  5708 | D:5      | Noticed Pikel
  5732 | D:5      | Killed Pikel
  5732 | D:5      | Reached skill level 5 in Spellcasting
  5732 | D:5      | Reached XP level 8. HP: 55/66 MP: 5/15
  6009 | D:6      | Reached skill level 8 in Necromancy
  6334 | D:6      | Noticed Grinder
  6343 | D:6      | Killed Grinder
  6343 | D:6      | Gained mutation: You passively map the area around you. [Deep Dwarf growth]
  6343 | D:6      | Reached XP level 9. HP: 67/73 MP: 18/18
  6495 | D:6      | Found a burning altar of Makhleb.
  6495 | D:6      | Found a shimmering altar of Xom.
  6531 | D:6      | Became a worshipper of Makhleb the Destroyer
  6725 | D:7      | Learned a level 4 spell: Control Undead
  6752 | D:7      | Reached skill level 5 in Axes
  6766 | D:7      | Found a basalt altar of Yredelemnul.
  6938 | D:7      | Reached * piety under Makhleb
  7062 | D:7      | Found a blossoming altar of Fedhas.
  7537 | D:8      | Found a hide-covered altar of Uskayaw.
  7540 | D:8      | Got an ichor-stained hand axe
  7579 | D:7      | Identified the +6 hand axe of the Undead {antimagic, rF- rN+++ MP+9 Int-5} (You found it on level 8 of the Dungeon)
  7806 | D:8      | Noticed Grum
  7819 | D:7      | Reached skill level 9 in Necromancy
  7829 | D:7      | Reached ** piety under Makhleb
  7957 | D:8      | Killed Grum
  8034 | D:8      | Reached XP level 10. HP: 77/84 MP: 3/20
  8053 | D:8      | Found a snail-covered altar of Cheibriados.
  8136 | D:8      | Noticed Erica
  8140 | D:8      | Noticed a two-headed ogre
  8170 | D:8      | Killed a two-headed ogre
  8186 | D:8      | Killed Erica
  8186 | D:8      | Reached skill level 10 in Necromancy
  8315 | D:8      | Noticed Joseph
  8337 | D:8      | Killed Joseph
  8469 | D:8      | Found a radiant altar of Vehumet.
  8516 | D:8      | Noticed a two-headed ogre
  8524 | D:8      | Killed a two-headed ogre
  9121 | D:9      | Noticed a two-headed ogre
  9129 | D:9      | Killed a two-headed ogre
  9129 | D:9      | Reached skill level 5 in Dodging
  9138 | D:9      | Found a flagged portal.
  9266 | Bailey   | Entered a bailey
  9464 | Bailey   | Reached *** piety under Makhleb
  9469 | Bailey   | Reached skill level 5 in Armour
  9561 | Bailey   | Reached skill level 11 in Necromancy
  9561 | Bailey   | Reached XP level 11. HP: 83/91 MP: 15/23
  9985 | Bailey   | Got a pair of heavily runed boots
  9996 | Bailey   | Identified the +0 pair of boots of the Big Bang {Str+3} (You found it in a bailey)
 10313 | D:9      | Found a stormy altar of Qazlal.
 10314 | D:9      | Found a blossoming altar of Fedhas.
 10688 | D:10     | Entered Level 10 of the Dungeon
 10964 | D:10     | Killed an unseen horror
 10964 | D:10     | Reached skill level 1 in Invocations
 11016 | D:10     | Reached **** piety under Makhleb
 11367 | D:10     | Noticed a queen ant
 11714 | D:10     | Killed a queen ant
 12181 | D:11     | Noticed a green ugly thing
 12197 | D:11     | Killed a green ugly thing
 12209 | D:11     | Noticed a two-headed ogre
 12219 | D:11     | Killed a two-headed ogre
 12361 | D:11     | Noticed a cyan ugly thing
 12366 | D:11     | Killed a cyan ugly thing
 12375 | D:11     | Reached skill level 12 in Necromancy
 12378 | D:11     | Reached XP level 12. HP: 23/100 MP: 12/25
 12545 | D:11     | Reached ***** piety under Makhleb
 12649 | D:11     | Found a staircase to the Orcish Mines.
 13272 | D:11     | Found a staircase to the Lair.
 13535 | D:11     | Found a basalt altar of Yredelemnul.
 13675 | Lair:1   | Entered Level 1 of the Lair of Beasts
 13688 | Lair:1   | Noticed Gastronok
 13715 | Lair:1   | Killed Gastronok
 13715 | Lair:1   | Reached skill level 5 in Fighting
 13715 | Lair:1   | Reached skill level 10 in Spellcasting
 14030 | Lair:1   | Noticed a five-headed hydra
 14046 | Lair:1   | Killed a five-headed hydra
 14046 | Lair:1   | Reached skill level 1 in Throwing
 14857 | Lair:2   | Found a staircase to the Snake Pit.
 15008 | Lair:2   | Reached skill level 13 in Necromancy
 15570 | Lair:3   | Found a staircase to the Shoals.
 15588 | Lair:3   | Reached skill level 10 in Axes
 15592 | Lair:3   | Reached XP level 13. HP: 110/110 MP: 11/26
 16517 | Lair:4   | Noticed Urug
 16529 | Lair:4   | Killed Urug
 16929 | Lair:5   | Found a labyrinth entrance.
 16974 | Lab      | Entered a labyrinth
 17070 | Lab      | Got a transparent dagger
 17072 | Lab      | Identified the +7 dagger of Fate {venom, Dex+3} (You found it in a labyrinth)
 18031 | Lab      | Noticed a minotaur
 18040 | Lab      | Killed a minotaur
 18094 | Lab      | Got a dazzling ring mail
 18105 | Lab      | Identified the +2 ring mail "Tucycle" {rC- Dex+3 Slay+3} (You found it in a labyrinth)
 18169 | Lair:5   | Found a staircase to the Slime Pits.
 18571 | Lair:5   | Reached ****** piety under Makhleb
 19307 | Lair:6   | Entered Level 6 of the Lair of Beasts
 19352 | Lair:6   | Noticed Josephine
 19699 | Lair:6   | Killed Josephine
 20271 | Orc:1    | Entered Level 1 of the Orcish Mines
 20682 | Orc:1    | Reached skill level 14 in Necromancy
 20717 | Orc:1    | Gained mutation: You resist negative energy. (rN+) [Deep Dwarf growth]
 20717 | Orc:1    | Reached XP level 14. HP: 110/121 MP: 11/28
 21199 | Orc:1    | Hit by a large rock thrown by a cyclops

Skill      XL: |  1  2  3  4  5  6  7  8  9 10 11 12 13 |
---------------+----------------------------------------+-----
Necromancy     | 5 6 7 8 9 11 12 13 14 | 14.1
Spellcasting   | 2 3 4 5 6 7 8 9 10 11 | 11.4
Axes           | 1 3 4 6 7 9 10 11 | 11.5
Fighting       | 1 2 3 4 5 6 |  6.5
Armour         | 1 2 3 4 5 6 7 |  7.9
Dodging        | 3 4 5 6 |  6.9
Stealth        | 3 4 |  4.6
Invocations    | 1 2 4 |  4.9
Throwing       | 1 |  1.9
Maces & Flails | |  0.2
Polearms       | |  0.6
Unarmed Combat | |  0.1

Action                   |  1- 3 |  4- 6 |  7- 9 | 10-12 | 13-15 || total
-------------------------+-------+-------+-------+-------+-------++-------
Melee: Whip              |    44 |       |       |       |       ||    44
       Short sword       |     4 |       |       |       |       ||     4
       Hand axe          |    25 |    86 |    26 |       |       ||   137
       Unarmed           |       |     2 |     1 |       |       ||     3
       War axe           |       |       |   269 |   494 |   286 ||  1049
       Spear             |       |       |       |     8 |       ||     8
       Battleaxe         |       |       |       |       |    81 ||    81
       Demon trident     |       |       |       |       |    20 ||    20
Throw: Javelin           |       |     3 |     8 |    19 |    18 ||    48
 Cast: Pain              |    40 |    41 |    34 |    72 |    24 ||   211
       Vampiric Draining |     6 |    43 |    61 |   209 |    98 ||   417
       Animate Dead      |       |     7 |     9 |    36 |    25 ||    77
       Control Undead    |       |       |     5 |     4 |       ||     9
Invok: Minor Destruction |       |       |     1 |    28 |    34 ||    63
       Lesser Servant of |       |       |       |       |     2 ||     2
 Abil: Heal Wounds       |       |       |       |     1 |       ||     1
Evoke: Wand              |       |       |       |       |     2 ||     2
  Use: Scroll            |       |       |    13 |    11 |    11 ||    35
       Potion            |       |       |     5 |    10 |     2 ||    17
 Stab: Sleeping          |       |     2 |       |     1 |     1 ||     4
       Distracted        |       |       |     1 |     3 |     5 ||     9
  Eat: Chunk             |     2 |    18 |    16 |    26 |    13 ||    75
       Fruit             |       |     1 |       |       |       ||     1
       Meat ration       |       |       |       |     2 |     1 ||     3
       Royal jelly       |       |       |       |     1 |     1 ||     2
Armor: Robe              |    10 |     7 |       |       |       ||    17
       Ring mail         |       |    19 |   192 |    62 |   121 ||   394
       Scale mail        |       |       |       |   398 |   105 ||   503
Dodge: Dodged            |    44 |    83 |   210 |   590 |   343 ||  1270
